 Dungeon Crawl Stone Soup version 0.17.0-28-g6e173f8 (webtiles) character file.

19514 PossumBlood the Cleaver (level 12, -5/103 (106) HPs)
             Began as a Minotaur Fighter on Dec 1, 2015.
             Was a High Priest of Okawaru.
             Succumbed to a death drake's dark miasma
             ... on level 1 of the Abyss.
             The game lasted 00:40:09 (12335 turns).

PossumBlood the Cleaver (Minotaur Fighter)         Turns: 12335, Time: 00:40:09

HP:   -5/103 (106)  AC: 20    Str: 26    XL:     12   Next: 37%
MP:   5/11          EV: 18    Int:  5    God:    Okawaru [*****.]
Gold: 406           SH: 15    Dex: 10    Spells: 0 memorised, 11 levels left

rFire  . . .     SeeInvis +     a - +1 war axe
rCold  . . .     Clarity  .     U - +3 ring mail {rN+}
rNeg   + . .     SustAt   .     c - +0 shield
rPois  .         Gourm    .     C - +2 hat {SInv}
rElec  .         Spirit   .     u - +1 cloak {MR+}
rCorr  +         Warding  .     l - +1 pair of gloves
rMut   .         Stasis   .     M - +0 pair of boots
MR     +....                    q - amulet of resist corrosion
Stlth  ++........               I - ring of see invisible
                                A - +1 ring of evasion

@: lethally poisoned (-5 -> -56), about to teleport, heroism, finesse, slowed,
very slow, somewhat resistant to hostile enchantments, unstealthy
A: retaliatory headbutt, horns 2
a: Heroism, Finesse, Renounce Religion


You were on level 1 of the Abyss.
You worshipped Okawaru.
Okawaru was extremely pleased with you.
You were not hungry.

You visited 3 branches of the dungeon, and saw 13 of its levels.
You visited the Abyss 1 time.
You also visited: Ossuary.

You collected 797 gold pieces.
You spent 391 gold pieces at shops.

Inventory:

Hand Weapons
 a - a +1 war axe (weapon)
 e - a +3 halberd
 w - the cursed +1 trident of Destiny {pierce, *Drain rF+++ MR+ Stlth+}
   (You found it on level 4 of the Dungeon)

   It inflicts extra damage upon your enemies.
   It renders you almost immune to fire.
   It affects your resistance to hostile enchantments.
   It causes draining when unequipped.
   It makes you more stealthy.
   It has a curse placed upon it.
 L - a +2 trident
 N - a cursed +3 dire flail
Missiles
 z - 3 tomahawks of returning (quivered)
 G - 13 needles of sleeping
Armour
 c - a +0 shield (worn)
 k - a +0 plate armour
 l - a +1 pair of gloves (worn)
 u - a +1 cloak of magic resistance (worn)
 C - a +2 hat of see invisible (worn)
 M - a +0 pair of boots (worn)
 U - a +3 ring mail of positive energy (worn)
Jewellery
 p - an uncursed amulet of clarity
 q - an amulet of resist corrosion (around neck)
 A - a +1 ring of evasion (left hand)
 I - a ring of see invisible (right hand)
 R - the ring "Vifem" {Fire *Corrode Dex+5}
   (You found it on level 9 of the Dungeon)

   [ring of fire]

   It enhances your fire magic, and weakens your ice magic.
   It affects your dexterity (+5).
   It protects you from fire.
   It makes you vulnerable to cold.
   It may corrode your equipment when you take damage.
 V - an uncursed ring of stealth {unknown}
Wands
 b - a wand of lightning (8)
 g - a wand of slowing (19)
 o - a wand of fire (7)
 y - a wand of disintegration (7)
 J - a wand of slowing (19)
 T - a wand of draining (8)
Scrolls
 f - 2 scrolls of fog
 s - 4 scrolls of enchant weapon
 t - a scroll of magic mapping
 v - 5 scrolls of amnesia
 x - 2 scrolls of teleportation
 D - a scroll of remove curse
 K - 2 scrolls of recharging
 O - a scroll of blinking {unknown}
 P - a scroll of fear
 Y - a scroll of enchant armour
Potions
 d - 2 potions of might
 h - a potion of invisibility
 n - a potion of haste
 r - a potion of resistance
 E - a potion of magic {unknown}
 F - 2 potions of brilliance
 H - a potion of flight
 S - a potion of mutation
Books
 B - a book of Air

   Spells                             Type                      Level
   a - Shock                          Conjuration/Air              1
   b - Swiftness                      Charms/Air                   2
   c - Repel Missiles                 Charms/Air                   2
   d - Static Discharge               Conjuration/Air              3
   e - Lightning Bolt                 Conjuration/Air              5
 W - a book of Envenomations

   Spells                             Type                      Level
   a - Spider Form                    Transmutation/Poison         3
   b - Alistair's Intoxication        Transmutation/Poison         4
   c - Olgreb's Toxic Radiance        Poison                       4
   d - Poisonous Cloud                Conjuration/Poison/Air       6
 X - a book of Spatial Translocations

   Spells                             Type                      Level
   a - Apportation                    Translocation                1
   b - Blink                          Translocation                2
   c - Shroud of Golubria             Charms/Translocation         2
   d - Portal Projectile              Translocation                3
   e - Teleport Other                 Translocation                3
   f - Passage of Golubria            Translocation                4
Comestibles
 j - 4 meat rations
 m - 12 beef jerkies
 Q - 5 bread rations


   Skills:
 + Level 10.2(15.2) Fighting
 + Level 12.9(17.9) Axes
 + Level 10.0(15.0) Armour
 + Level 10.0(15.0) Dodging
 - Level 0.5(5.5) Stealth
 + Level 12.4(17.4) Shields


You had 11 spell levels left.
You didn't know any spells.

Dungeon Overview and Level Annotations

Branches:
Dungeon (10/15)            Temple (1/1) D:7            Lair (2/8) D:10
    Orc: D:9-12

Altars:
Ashenzari
Cheibriados
Dithmenos
Elyvilon
Fedhas
Gozag
Kikubaaqudgha
Makhleb
Nemelex Xobeh
Okawaru
Qazlal
Ru
Sif Muna
Trog
Vehumet
Xom
Yredelemnul
Zin
The Shining One

Shops:
D:4 !   D:8 *   D:9 %

Annotations:
Lair:2 Sonja


Innate Abilities, Weirdness & Mutations

You reflexively headbutt those who attack you in melee.
You have a pair of horns on your head.


Message History

Okay, then.
You miss the death drake. Your headbutt misses the death drake.
The death drake is lightly wounded.
You are engulfed in dark miasma.
You are more poisoned.
You feel your flesh rotting away!
* * * LOW HITPOINT WARNING * * *
x2 You feel sick.
Drink which item? (? for menu, Esc to quit)
Okay, then.
Read which item? (? for menu, Esc to quit)
As you read the scroll of teleportation, it crumbles to dust.
You feel strangely unstable.
You feel the power of the Abyss delaying your translocation!
You are engulfed in dark miasma.
You are more poisoned.
You feel your flesh rotting away!
* * * LOW HITPOINT WARNING * * *
x2 You feel extremely sick.
You block the death drake's attack.
The death drake bites you but does no damage.
You die...

#.#. #..# #
....### . #.#.
. ## ## ##..###
.# #..##.
#.....#.##
#.....#.##....#
#
#..#....##...#
. # #....#@#k.#
...# ..
#........##..
.# #
..##..#.....#
.# .#
#..#......# #
#..#.####...#
#. .#. ...# #
.# .... #....
.. .# ...#. #.
# .. .


There were no monsters in sight!

Vanquished Creatures
  Gastronok (D:8)
  Erolcha (D:8)
  The ghost of Gargoyl the Fighter, a novice DsAK of Lugonu (Lair:1)
  A hill giant (D:10)
  Pikel (D:4)
  A smoke demon (Abyss:1)
  9 komodo dragons
  3 spiny frogs
  The ghost of mora the Covert, a novice SpAs of Okawaru (D:7)
  7 blink frogs
  A wyvern (D:9)
  2 wraiths (Ossuary)
  A deep elf mage (D:10)
  4 fire bats (Lair:1)
  A basilisk (Lair:1)
  2 hippogriffs (Lair:2)
  2 hungry ghosts (D:10)
  11 yaks
  Menkaure (D:5)
  5 porcupines
  A soldier ant (D:10)
  6 wolves (Lair:1)
  2 ice beasts (D:9)
  5 water moccasins
  6 centaurs
  A black bear (D:9)
  A necrophage (D:6)
  2 sky beasts
  A phantom (D:10)
  6 ogres
  4 slaves (D:4)
  An eye of draining (D:10)
  3 orc warriors
  An elf zombie (D:7)
  7 crocodiles
  A big kobold (D:9)
  13 giant frogs
  2 scorpions
  7 wights
  3 quasits
  2 crimson imps (D:10)
  2 jellies
  2 human zombies (D:7)
  3 hounds
  Crazy Yiuf (D:3)
  A centaur skeleton (D:6)
  An electric eel (Lair:2)
  A gnoll shaman (D:4)
  An iron imp (Abyss:1)
  2 orc priests (D:9)
  6 orc wizards
  7 worker ants
  A human skeleton (D:7)
  4 iguanas
  A hound zombie (D:7)
  2 hound skeletons (D:7)
  6 gnolls
  A worker ant zombie (D:6)
  9 adders
  2 shadow imps
  6 river rats (Lair:2)
  2 adder zombies (Ossuary)
  3 oozes
  An adder skeleton (D:8)
  3 worms
  6 giant geckos
  25 orcs
  4 giant cockroaches
  5 hobgoblins
  8 jackals
  3 quokkas
  2 ball python skeletons (Ossuary)
  7 bats
  5 giant newts
  6 goblins
  2 hobgoblin zombies (Ossuary)
  14 kobolds
  A kobold zombie (Ossuary)
  3 orc skeletons
  An orc zombie (Ossuary)
  A quokka skeleton (D:5)
  6 rats
  3 fungi (D:3)
  3 plants
304 creatures vanquished.

Vanquished Creatures (others)
  A fungus (Lair:2)
  10 plants
11 creatures vanquished.

Grand Total: 315 creatures vanquished

Notes
Turn   | Place    | Note
--------------------------------------------------------------
     0 | D:1      | PossumBlood the Minotaur Fighter began the quest for the Orb.
     0 | D:1      | Reached XP level 1. HP: 19/19 MP: 0/0
   187 | D:1      | Reached XP level 2. HP: 27/27 MP: 1/1
   199 | D:1      | Reached skill level 4 in Armour
   728 | D:2      | Found an opulent altar of Gozag.
   728 | D:2      | Found a glowing silver altar of Zin.
   876 | D:2      | Reached XP level 3. HP: 33/33 MP: 2/2
  1479 | D:2      | Found a white marble altar of Elyvilon.
  1650 | D:3      | Found a faded altar to an unknown god.
  1692 | D:3      | Reached XP level 4. HP: 37/40 MP: 3/3
  1853 | D:3      | Found a snail-covered altar of Cheibriados.
  2051 | D:3      | Found an opulent altar of Gozag.
  2292 | D:3      | Reached skill level 1 in Dodging
  2411 | D:3      | Noticed Crazy Yiuf
  2416 | D:3      | Killed Crazy Yiuf
  2552 | D:4      | Found Jipreuma's Distillery.
  2576 | D:4      | Bought a potion of curing for 30 gold pieces
  2576 | D:4      | Bought a potion of curing for 30 gold pieces
  2576 | D:4      | Bought a potion of curing for 30 gold pieces
  2576 | D:4      | Bought a potion of might for 40 gold pieces
  2576 | D:4      | Bought a potion of curing for 30 gold pieces
  2584 | D:4      | Noticed a slave
  2584 | D:4      | Noticed a slave
  2586 | D:4      | Noticed a slave
  2587 | D:4      | Noticed Pikel
  2589 | D:4      | Noticed a slave
  2603 | D:4      | Killed a slave
  2611 | D:4      | Killed a slave
  2612 | D:4      | Reached XP level 5. HP: 19/47 MP: 4/4
  2613 | D:4      | Reached skill level 5 in Shields
  2616 | D:4      | Killed a slave
  2618 | D:4      | Killed a slave
  2620 | D:4      | Reached skill level 5 in Armour
  2627 | D:4      | Killed Pikel
  2627 | D:4      | Reached skill level 5 in Fighting
  2627 | D:4      | Reached skill level 6 in Armour
  2627 | D:4      | Reached XP level 6. HP: 14/56 MP: 5/5
  2627 | D:4      | Reached XP level 7. HP: 15/61 MP: 6/6
  2946 | D:4      | Got a shimmering helmet
  3066 | D:4      | Got an ancient trident
  3190 | D:4      | Identified the cursed +1 trident of Destiny {pierce, *Drain rF+++ MR+ Stlth+} (You found it on level 4 of the Dungeon)
  3216 | D:5      | Entered Level 5 of the Dungeon
  3228 | D:5      | Found a basalt altar of Yredelemnul.
  3241 | D:5      | Found a stormy altar of Qazlal.
  3256 | D:5      | Noticed Menkaure
  3262 | D:5      | Killed Menkaure
  3262 | D:5      | Reached skill level 5 in Axes
  3515 | D:5      | Found an iron altar of Okawaru.
  3543 | D:5      | Became a worshipper of Warmaster Okawaru
  3947 | D:5      | Reached XP level 8. HP: 69/69 MP: 7/7
  4175 | D:5      | Reached skill level 7 in Armour
  4341 | D:6      | Reached * piety under Okawaru
  4633 | D:6      | Gained mutation: You evolve. [potion of beneficial mutation]
  4953 | D:7      | Noticed mora's ghost (novice SpAs)
  4969 | D:7      | Killed mora's ghost
  4969 | D:7      | Reached skill level 5 in Dodging
  5019 | D:7      | Reached XP level 9. HP: 75/77 MP: 8/8
  5032 | D:7      | Reached skill level 8 in Shields
  5036 | D:7      | Reached ** piety under Okawaru
  5115 | D:7      | Found a staircase to the Ecumenical Temple.
  5129 | Temple   | Entered the Ecumenical Temple
  5484 | D:7      | Found a sand-covered staircase.
  5490 | Ossuary  | Entered an ossuary
  5746 | D:7      | Gained mutation: You are agile. (Dex +2) [evolution]
  5830 | D:8      | Found Juinnoef's Assorted Antiques.
  5839 | D:8      | Bought a pair of boots for 171 gold pieces
  6129 | D:8      | Noticed Erolcha
  6136 | D:8      | Noticed Gastronok
  6148 | D:8      | Killed Erolcha
  6148 | D:8      | Reached *** piety under Okawaru
  6148 | D:8      | Reached skill level 9 in Axes
  6148 | D:8      | Reached XP level 10. HP: 30/86 MP: 9/9
  6155 | D:8      | HP: 4/86 [Gastronok (14)]
  6161 | D:8      | Killed Gastronok
  6161 | D:8      | Reached **** piety under Okawaru
  6161 | D:8      | Reached skill level 10 in Shields
  6564 | D:8      | Reached skill level 10 in Axes
  7191 | D:9      | Got a wavering bronze ring
  7192 | D:9      | Identified the ring "Vifem" {Fire *Corrode Dex+5} (You found it on level 9 of the Dungeon)
  7355 | D:9      | Found Zejod's Food Shoppe.
  7359 | D:9      | Bought a beef jerky for 15 gold pieces
  7359 | D:9      | Bought a beef jerky for 15 gold pieces
  7359 | D:9      | Bought a beef jerky for 15 gold pieces
  7359 | D:9      | Bought a beef jerky for 15 gold pieces
  7678 | D:10     | Entered Level 10 of the Dungeon
  7704 | D:10     | Reached ***** piety under Okawaru
  7787 | D:10     | Reached XP level 11. HP: 77/95 MP: 10/10
  7806 | D:10     | Lost mutation: You are agile. (Dex +2) [evolution]
  8178 | D:10     | Reached skill level 11 in Axes
  8479 | D:10     | Received a gift from Okawaru
  8487 | D:10     | Lost mutation: You evolve. [potion of cure mutation]
  8488 | D:10     | Gained mutation: Your spells are a little harder to cast, but a little more powerful. [potion of mutation]
  8488 | D:10     | Gained mutation: You are weak. (Str -2) [potion of mutation]
  8488 | D:10     | Gained mutation: You expend magic power (3 MP) to strengthen your wands. [potion of mutation]
  8489 | D:10     | Lost mutation: Your spells are a little harder to cast, but a little more powerful. [potion of cure mutation]
  8489 | D:10     | Lost mutation: You expend magic power (3 MP) to strengthen your wands. [potion of cure mutation]
  8489 | D:10     | Lost mutation: You are weak. (Str -2) [potion of cure mutation]
  8653 | D:10     | Found a staircase to the Lair.
  8656 | D:10     | Noticed a hill giant
  8666 | D:10     | Killed a hill giant
  9167 | Lair:1   | Entered Level 1 of the Lair of Beasts
  9167 | Lair:1   | Noticed Gargoyl's ghost (novice DsAK)
  9182 | Lair:1   | Killed Gargoyl's ghost
  9795 | Lair:1   | Received a gift from Okawaru
  9795 | Lair:1   | Reached skill level 12 in Axes
 10240 | Lair:1   | Reached ****** piety under Okawaru
 10273 | Lair:1   | Reached XP level 12. HP: 101/106 MP: 11/11
 10775 | Lair:2   | Noticed Sonja
 10796 | Lair:2   | Reached skill level 10 in Fighting
 11090 | Lair:2   | Reached skill level 10 in Armour
 12164 | Lair:2   | Cast into the Abyss (Sonja)
 12266 | Abyss:1  | Reached skill level 10 in Dodging
 12291 | Abyss:1  | Noticed a tentacled starspawn
 12334 | Abyss:1  | HP: 1/103 [poisoned by a death drake (dark miasma)]
 12335 | Abyss:1  | Succumbed to a death drake's dark miasma

Action                   |  1- 3 |  4- 6 |  7- 9 | 10-12 || total
-------------------------+-------+-------+-------+-------++-------
Melee: War axe           |   116 |    72 |   274 |   582 ||  1044
Invok: Heroism           |       |       |       |     2 ||     2
       Finesse           |       |       |       |     1 ||     1
  Use: Potion            |     4 |     2 |     8 |    14 ||    28
       Scroll            |     7 |     2 |     8 |     3 ||    20
 Stab: Distracted        |       |       |       |     1 ||     1
  Eat: Bread ration      |     1 |     1 |     2 |       ||     4
       Fruit             |       |       |       |     2 ||     2
       Meat ration       |       |       |       |     4 ||     4
       Pizza             |       |       |       |     2 ||     2
